 Dungeon Crawl Stone Soup version 0.28.0-49-g6dfe1f597d (webtiles) character file.

Game seed: 6975630126233989779

423714 Gabide the Phalangite (level 23, -7/155 HPs)
             Began as a Tengu Monk on May 16, 2022.
             Was the Champion of Elyvilon.
             Mangled by a deep troll shaman (11 damage)
             ... while paralysed by a floating eye
             ... on level 3 of the Depths on May 17, 2022.
             The game lasted 03:57:44 (59000 turns).

Gabide the Phalangite (Tengu Monk)                 Turns: 59000, Time: 03:57:45

Health: -7/155     AC: 21    Str: 17    XL:     23   Next: 76%
Magic:  34/39      EV:  2    Int: 16    God:    Elyvilon [******]
Gold:   1348       SH:  0    Dex: 27    Spells: 28/44 levels left

rFire   . . .      SeeInvis .   C - +9 bardiche "Misiohonom" {spect, rElec Int+2}
rCold   + + .      Faith    .   (shield currently unavailable)
rNeg    . . .      Spirit   .   L - +5 ring mail {rC+}
rPois   +          Reflect  +   H - +2 hat
rElec   +          Harm     .   l - +2 cloak {Will+}
rCorr   .          Rampage  +   k - +2 pair of gloves {Stlth+}
Will    +++..                   (boots unavailable)
Stlth   ++++......              r - amulet of the Evening {Reflect Rampage rC+ Slay+3 SH+5}
HPRegen 0.35/turn               t - +4 ring of evasion
MPRegen 0.26/turn               Y - ring "Alischygh" {rPois Will+ Str+6 Dex+2}

@: paralysed, about to teleport, flying quickly and evasively, slowed, studying
Bows, quick
A: beak, talons 3, nimble flight
}: 2/15 runes: decaying, serpentine
a: Renounce Religion, Purification, Heal Other, Heal Self, Divine Vigour


You were on level 3 of the Depths.
You worshipped Elyvilon.
Elyvilon was exalted by your worship.
You visited 8 branches of the dungeon, and saw 41 of its levels.
You also visited: Ice Cave.

You collected 5868 gold pieces.
You spent 4520 gold pieces at shops.

Inventory:

Hand Weapons
 a - the +5 bardiche "Ginetryeg" {vorpal, rF+ Will+}
   (You acquired it on level 2 of the Elven Halls)

   It inflicts extra damage upon your enemies.
   rF:        It protects you from fire.
   Will:      It increases your willpower.
 s - a +8 antimagic executioner's axe
 C - the +9 bardiche "Misiohonom" (weapon) {spect, rElec Int+2}
   (You acquired it on level 9 of the Dungeon)

   When its wielder attacks, the weapon's spirit leaps out and strikes again.
   The spirit shares a part of any damage it takes with its wielder.
   Int:       It affects your intelligence (+2).
   rElec:     It insulates you from electricity.
 F - the +8 spear of Rotation {elec, Stlth+}
   (You took it off a spriggan on level 8 of the Dungeon)

   It occasionally discharges a powerful burst of electricity upon striking a
   foe.
   Stlth:     It makes you more stealthy.
 Q - the +12 broad axe "Xeevus" {holy, rF+++ rC++ Int-5 Dex+2}
   (You found it on level 14 of the Dungeon)

   It has been blessed by the Shining One to cause great damage to the undead
   and demons.
   Int:       It affects your intelligence (-5).
   Dex:       It affects your dexterity (+2).
   rF:        It renders you almost immune to fire.
   rC:        It greatly protects you from cold.
Armour
 i - a +2 cloak of preservation
 k - a +2 pair of gloves of stealth (worn)
 l - a +2 cloak of willpower (worn)
 H - a +2 hat (worn)
 J - the +9 scales of the Dragon King {rPois rF+ rC+ Will+}
   (You found it on level 3 of the Elven Halls)

   rF:        It protects you from fire.
   rC:        It protects you from cold.
   rPois:     It protects you from poison.
   Will:      It increases your willpower.
 L - a +5 ring mail of cold resistance (worn)
Magical Staves
 S - a staff of cold
Jewellery
 h - a ring of wizardry
 r - the amulet of the Evening (around neck) {Reflect Rampage rC+ Slay+3 SH+5}
   (You bought it in a shop on level 1 of the Orcish Mines)

   [amulet of reflection]

   It reflects blocked missile attacks.
   Slay:      It affects your accuracy & damage with ranged weapons and melee
   (+3).
   rC:        It protects you from cold.
   SH:        It affects your SH (+5).
   Rampage:   It bestows one free step when moving towards enemies.
 t - a +4 ring of evasion (left hand)
 y - a ring of protection from cold
 M - a ring of positive energy
 U - a ring of fire
 Y - the ring "Alischygh" (right hand) {rPois Will+ Str+6 Dex+2}
   (You bought it in a shop on level 2 of the Orcish Mines)

   [ring of strength]

   Str:       It affects your strength (+6).
   Dex:       It affects your dexterity (+2).
   rPois:     It protects you from poison.
   Will:      It increases your willpower.
Wands
 b - a wand of acid (5)
 g - a wand of digging (10)
 q - a wand of polymorph (20)
 z - a wand of iceblast (34)
 E - a wand of charming (5)
 G - a wand of mindburst (12)
 I - a wand of paralysis (9)
 P - a wand of flame (46)
Scrolls
 m - 10 scrolls of fog
 n - 2 scrolls of immolation
 p - 3 scrolls of blinking
 u - 4 scrolls of magic mapping
 x - 18 scrolls of teleportation
 N - 4 scrolls of silence
 O - 27 scrolls of identify
 X - 5 scrolls of fear
 Z - 5 scrolls of vulnerability
Potions
 c - 3 potions of curing
 d - 9 potions of brilliance
 e - 2 potions of heal wounds
 f - 4 potions of might
 j - 6 potions of attraction
 v - a potion of cancellation
 w - 5 potions of lignification
 A - 4 potions of resistance
 D - 7 potions of mutation
 K - 5 potions of haste
 R - 3 potions of ambrosia
 W - a potion of berserk rage
Miscellaneous
 o - a phantom mirror
 B - a phial of floods
 T - a tin of tremorstones (2/2)
 V - a box of beasts


   Skills:
 - Level 19.0 Fighting
 - Level 24.0 Polearms
 - Level 12.5 Armour
 - Level 19.0 Dodging
 - Level 4.0 Stealth
 + Level 11.4 Spellcasting
 - Level 12.0 Conjurations
 - Level 12.0 Ice Magic
 - Level 15.0 Invocations


You had 28 spell levels left.
You knew the following spells:

 Your Spells              Type           Power      Damage    Failure   Level
a - Ensorcelled Hibernat  Hex/Ice        56%        N/A       1%          2
b - Hailstorm             Conj/Ice       47%        3d11      1%          4
c - Summon Ice Beast      Ice/Summ       28%        N/A       11%         4
d - Frozen Ramparts       Ice            94%        1d11      1%          3
e - Freeze                Ice            100%       1d11      1%          1
f - Blink                 Tloc           18%        N/A       19%         2

Your spell library contained the following spells:

 Spells                   Type           Power      Damage    Failure   Level
 Static Discharge         Conj/Air       28%        N/A       1%          2
 Conjure Flame            Conj/Fire      28%        6-21      3%          3
 Dazzling Flash           Conj/Hex       56%        N/A       3%          3
 Mephitic Cloud           Conj/Pois/Air  21%        N/A       7%          3
 Iskenderun's Mystic Bla  Conj/Tloc      28%        2d7       11%         4
 Sticky Flame             Conj/Fire      28%        2d5       11%         4
 Animate Skeleton         Necr           18%        N/A       12%         1
 Apportation              Tloc           18%        N/A       12%         1
 Sandblast                Erth           18%        2d7       12%         1
 Sting                    Tmut/Pois      36%        1d4       12%         1
 Summon Small Mammal      Summ           36%        N/A       12%         1
 Passwall                 Tmut/Erth      7%         N/A       19%         2
 Sublimation of Blood     Necr           9%         N/A       19%         2
 Wereblood                Tmut           9%         N/A       19%         2
 Irradiate                Conj/Tmut      14%        3d18      28%         5
 Call Canine Familiar     Summ           9%         N/A       36%         3
 Ignite Poison            Fire/Tmut/Pois 9%         N/A       36%         3
 Portal Projectile        Hex/Tloc       18%        N/A       36%         3
 Spider Form              Tmut/Pois      9%         N/A       36%         3
 Summon Guardian Golem    Hex/Summ       9%         N/A       36%         3
 Swiftness                Air            9%         N/A       36%         3
 Orb of Destruction       Conj           23%        9d8       58%         7
 Anguish                  Hex/Necr       4%         N/A       77%         4
 Dispel Undead            Necr           9%         3d8       77%         4
 Leda's Liquefaction      Hex/Erth       4%         N/A       77%         4
 Petrify                  Tmut/Erth      9%         N/A       77%         4
 Conjure Ball Lightning   Conj/Air       14%        3x3d6     85%         6
 Starburst                Conj/Fire      14%        6d6       85%         6
 Manifold Assault         Tloc           9%         N/A       98%         5
 Haunt                    Necr/Summ      4%         N/A       100%        7
 Malign Gateway           Summ/Tloc      4%         N/A       100%        7
 Spellforged Servitor     Conj/Summ      14%        N/A       100%        7
 Storm Form               Tmut/Air       4%         N/A       100%        7
 Summon Hydra             Summ           4%         N/A       100%        7
 Discord                  Hex            4%         N/A       100%        8
 Disjunction              Tloc           4%         N/A       100%        8
 Summon Horrible Things   Summ           4%         N/A       100%        8


Dungeon Overview and Level Annotations

Branches:
Dungeon (15/15)            Temple (0/1) D:6            Lair (6/6) D:9
  Swamp (4/4) Lair:4        Snake (4/4) Lair:3        Slime (0/5) Lair:5
    Orc (2/2) D:11            Elf (3/3) Orc:2        Vaults (4/5) D:14
  Crypt (0/3) Vaults:3     Depths (3/4) D:15          IceCv (visited)

Altars:
Ashenzari
Cheibriados
Dithmenos
Elyvilon
Fedhas
Gozag
Kikubaaqudgha
Makhleb
Ru
Sif Muna
Trog
Uskayaw
Xom
Yredelemnul
Beogh
Jiyva

Shops:
D:13 *?=(   Orc:1 =   Orc:2 =**[   Snake:1 *(   Vaults:1 ?   Vaults:4 =:

Portals:
Hell: Depths:1 Depths:2
Abyss: Depths:1
Pandemonium: Depths:2
Ziggurat: Depths:1
Trove: D:13 (show abyssal rune of Zot)

Annotations:
Swamp:3 2 transporters
Vaults:1 2 transporters, abarbat's ghost, adept MiBe
Vaults:4 3 runed translucent doors, DildoBatman's ghost, adept FoCj


Innate Abilities, Weirdness & Mutations

You have a beak for a mouth.
You have claws for feet.
Your magical nature lets you fly swiftly and evasively.


Message History

The spriggan berserker completely misses you.
The titan completely misses you.
You are healed.
Your surroundings suddenly seem different.
A red ugly thing, a floating eye, 3 giants, an iron dragon, a torpor snail and a deep troll shaman come into view.
A frost giant is wielding a +2 battleaxe of freezing.
A fire giant is wielding a +0 great sword of flaming.
The fire giant shouts!
The iron dragon roars deafeningly!
The deep troll shaman shouts!
The floating eye turns its gaze towards you.
The frost giant shouts!
The red ugly thing gurgles horribly!
You hear a horrible gurgling sound!
You hear a deafening roar!
The fire giant hits you with a +0 great sword of flaming!!
The fire giant burns you!
* * * LOW HITPOINT WARNING * * *
The floating eye seems to glare at you.
A red very ugly thing comes into view.
You block the torpor snail's attack.
Being near the torpor snail leaves you feeling lethargic.
As you read the scroll of teleportation, it crumbles to dust.
You feel strangely unstable. The stone giant closely misses you.
A fire dragon comes into view.
The iron dragon bites you.
* * * LOW HITPOINT WARNING * * *
The iron dragon completely misses you. The iron dragon misses you.
The floating eye gazes piercingly through you!
You suddenly lose the ability to move!
The deep troll shaman bites you!
* * * LOW HITPOINT WARNING * * *
The deep troll shaman claws you.
* * * LOW HITPOINT WARNING * * *
The deep troll shaman claws you but does no damage.
The stone giant hits you!! Elyvilon protects you from harm!
The torpor snail bites you!
* * * LOW HITPOINT WARNING * * *
The fire giant hits you with a +0 great sword of flaming!
* * * LOW HITPOINT WARNING * * *
The fire giant burns you. Elyvilon protects you from harm!
The deep troll shaman bites you!
You die...

. # # # .
# #.D
######Cu..
#.8.8.u...
+C.D..G...
+C@T.....#
#w.8.8.###
##.#####
###


You could see an iron dragon, a frost giant, a red very ugly thing, a fire
giant, a fire dragon, a stone giant, a red ugly thing, a torpor snail, a deep
troll shaman and a floating eye.

Vanquished Creatures
  Bai Suzhen (Elf:3)
  Xtahua (Vaults:4)
  Saint Roka (Orc:2)
  Nikola (Elf:2)
  A tentacled monstrosity (Swamp:2)
  A lich (Depths:1)
  Jorgrun (Swamp:1)
  Rupert (D:14)
  A quicksilver dragon (Depths:3)
  2 deep elf master archers (Elf:3)
  2 deep elf blademasters (Elf:3)
  Gastronok (D:9)
  5 sphinxes
  2 tengu reavers
  A thorn hunter (Swamp:4)
  A nagaraja (Snake:4)
  Donald (Snake:2)
  A fenstrider witch (Swamp:1)
  7 vault wardens
  2 fire giants (Depths:1)
  A frost giant (Depths:1)
  An iron dragon (Depths:3)
  A cacodemon (Depths:2)
  A deep elf sorcerer (Elf:3)
  Louise (D:15)
  Aizul (Vaults:3)
  4 orc warlords
  16 ironbound preservers
  2 ghouls (Swamp:2)
  5 deep elf elementalists (Elf:3)
  2 war gargoyles (Vaults:2)
  16 very ugly things
  13 stone giants
  A vampire knight (Depths:1)
  12 ironbound thunderhulks
  6 eleionomae
  5 deep elf demonologists
  An entropy weaver (Vaults:1)
  A white draconian (IceCv)
  8 deep elf annihilators (Elf:3)
  2 bunyips (Swamp:1)
  20 dire elephants
  4 spark wasps
  3 fire dragons
  2 shambling mangroves (Swamp:4)
  Josephine (D:12)
  5 ettins
  A merfolk impaler (Depths:2)
  6 deep elf death magi (Elf:3)
  9 yaktaur captains
  A crystal guardian (Vaults:4)
  2 deep elf high priests
  An ice dragon (Depths:1)
  8 great orbs of eyes
  5 boulder beetles
  4 catoblepae (Lair:6)
  A hell beast (Depths:2)
  30 hydras
  2 ghost crabs
  2 peacekeepers
  7 vault guards
  Erolcha (D:10)
  3 salamander tyrants (Snake:4)
  A spriggan air mage (Depths:3)
  8 anacondas
  Erica (D:9)
  9 centaur warriors
  15 naga warriors
  9 ironbound frosthearts
  8 alligators
  2 tengu warriors
  2 deep troll shamans
  5 two-headed ogres
  2 vampire magi
  25 dancing weapons
  13 death yaks
  2 deep troll earth magi
  19 naga sharpshooters
  5 orc high priests
  Urug (D:14)
  6 shock serpents
  5 hell knights (Depths:3)
  23 deep elf knights
  2 salamander mystics (Snake:4)
  A spark wasp zombie (D:15)
  8 sun demons (Depths:2)
  2 iron trolls
  4 shadow wraiths (Depths:2)
  A glowing orange brain (Depths:2)
  2 skeletal warriors (D:15)
  A tengu zombie (Depths:1)
  11 swamp dragons
  36 deep trolls
  4 wizards
  5 bog bodies
  6 flayed ghosts (Depths:2)
  13 deep elf archers
  6 goliath frogs
  An orange crystal statue (IceCv)
  7 naga ritualists
  15 ironbound convokers
  7 lindwurms
  3 phantasmal warriors
  17 mana vipers
  4 harpies (Vaults:2)
  2 shining eyes (Depths:2)
  6 necromancers
  53 ugly things
  An iron dragon zombie (Depths:1)
  23 deep elf pyromancers
  39 deep elf zephyrmancers
  7 cyclopes
  10 orc knights
  7 orc sorcerers
  4 will-o-the-wisps
  6 manticores
  A frost giant skeleton (Depths:1)
  A stone giant zombie (D:15)
  A frost giant zombie (D:15)
  10 salamanders
  A stone giant skeleton (Depths:1)
  13 vault sentinels
  50 black mambas
  12 elephants
  3 guardian serpents
  Maggie (Lair:2)
  A smoke demon (Depths:2)
  A gargoyle (D:10)
  14 cane toads
  A torpor snail (Depths:3)
  An eye of devastation (Depths:2)
  18 naga magi
  2 orange demons (Depths:2)
  2 hellions (Depths:2)
  A cane toad (shapeshifter) (Elf:1)
  A kobold demonologist (D:14)
  An unseen horror (D:11)
  Psyche (D:9)
  36 yaktaurs
  19 rime drakes
  4 tengu conjurers
  9 komodo dragons
  A queen bee (Lair:2)
  A hornet (shapeshifter) (D:15)
  21 hornets
  17 polar bears
  8 trolls
  A wolf spider simulacrum (D:15)
  12 tyrant leeches
  37 slime creatures
  25 blink frogs
  A spriggan zombie (Depths:1)
  6 dream sheep (Lair:5)
  A shadow (D:8)
  15 spriggans
  6 air elementals
  46 yaks
  16 water elementals
  A ynoxinul (Depths:2)
  8 fire elementals
  6 wraiths
  16 humans (D:14)
  A yak (shapeshifter) (D:13)
  Eustachio (D:5)
  5 wyverns
  Grum (D:8)
  A steam dragon (Lair:2)
  9 basilisks
  4 vampire mosquitoes (Swamp:1)
  Menkaure (D:5)
  48 nagas
  6 wargs
  13 swamp worms
  12 water moccasins
  An acid dragon (D:8)
  2 hell hounds (D:12)
  49 orc warriors
  8 swamp drakes (Swamp:4)
  A black bear (D:8)
  6 sky beasts
  2 ice beasts
  4 necrophages
  An ettin simulacrum (Depths:1)
  14 ogres
  21 wolves
  16 centaurs
  A phantom (D:7)
  11 bullfrogs
  4 earth elementals
  3 gnoll sergeants
  A scorpion (Lair:4)
  A human simulacrum (Depths:1)
  A wyvern skeleton (D:6)
  A wyvern zombie (D:8)
  37 killer bees
  5 wights (D:8)
  6 howler monkeys
  2 electric eels (Lair:3)
  5 centaur zombies
  3 hounds
  A bullfrog skeleton (D:4)
  A jelly (D:5)
  30 orc priests
  A centaur skeleton (D:7)
  Crazy Yiuf (D:2)
  23 orc wizards
  4 hell rats (Lair:3)
  2 hound skeletons (D:5)
  2 howler monkey zombies
  17 gnolls
  9 adders
  A river rat (Lair:2)
  3 worms (D:2)
  A dart slug (D:1)
  119 orcs
  6 bats
  4 endoplasms
  5 giant cockroaches
  7 goblins
  5 hobgoblins
  8 jackals
  8 kobolds
  2 quokkas (D:2)
  8 ball pythons
  2 frilled lizards
  8 rats
1763 creatures vanquished.

Vanquished Creatures (collateral kills)
  An ironbound preserver (Vaults:2)
  An ironbound thunderhulk (Vaults:2)
  Azrael (D:12)
  The ghost of MrIGI the Fighter, a novice DrGl of Jiyva (D:8)
  2 deep trolls (Vaults:2)
  A spriggan (D:8)
  An orc warrior (D:15)
8 creatures vanquished.

Vanquished Creatures (others)
  A deep elf elementalist (Elf:3)
  A juggernaut skeleton (D:15)
  A deep elf high priest (Elf:3)
  2 wizards
  A deep elf zephyrmancer (Elf:1)
  2 ugly things (IceCv)
  A shining eye (shapeshifter) (Elf:1)
  2 nagas (Snake:1)
  An orc warrior (Orc:2)
  An orc (Orc:2)
  4 foxfires
  15 fungi
  104 plants
  9 withered plants (D:15)
145 creatures vanquished.

Grand Total: 1916 creatures vanquished

Notes
Turn   | Place    | Note
-------+----------+-------------------------------------------
     0 | D:1      | Gabide the Tengu Monk began the quest for the Orb.
     0 | D:1      | Reached XP level 1. HP: 14/14 MP: 2/2
   110 | D:1      | Reached skill level 4 in Polearms
   110 | D:1      | Reached XP level 2. HP: 6/19 MP: 3/3
   406 | D:1      | Reached skill level 1 in Armour
   406 | D:1      | Reached XP level 3. HP: 15/23 MP: 4/4
  1384 | D:2      | Reached XP level 4. HP: 28/28 MP: 5/5
  1611 | D:2      | Found a faded altar of an unknown god.
  1618 | D:2      | Prayed at the altar of an unknown god.
  1618 | D:2      | Became a worshipper of Elyvilon the Healer
  1618 | D:2      | Reached * piety under Elyvilon
  1618 | D:2      | Reached ** piety under Elyvilon
  1848 | D:2      | Found a runed translucent door.
  1849 | D:2      | Noticed Crazy Yiuf
  1974 | D:2      | Killed Crazy Yiuf
  2126 | D:3      | Reached *** piety under Elyvilon
  2172 | D:3      | Reached skill level 5 in Polearms
  2172 | D:3      | Gained mutation: Your magical nature lets you fly swiftly
                  | and evasively. [Tengu growth]
  2172 | D:3      | Reached XP level 5. HP: 32/32 MP: 6/6
  3050 | D:4      | Noticed a centaur
  3058 | D:4      | Killed a centaur
  3059 | D:4      | Reached XP level 6. HP: 34/37 MP: 7/7
  3130 | D:4      | Reached **** piety under Elyvilon
  3355 | D:4      | Found a blossoming altar of Fedhas.
  3597 | D:4      | Identified the +6 mace of the Maze {vorpal, rCorr MP+9}
  3799 | D:5      | Entered Level 5 of the Dungeon
  3824 | D:5      | Noticed a necrophage
  3835 | D:5      | Killed a necrophage
  3836 | D:5      | Reached skill level 5 in Armour
  3903 | D:5      | Reached skill level 6 in Polearms
  4123 | D:5      | Reached XP level 7. HP: 37/41 MP: 6/8
  4232 | D:5      | Noticed Eustachio
  4263 | D:5      | Killed Eustachio
  4264 | D:5      | Reached skill level 7 in Polearms
  4750 | D:5      | Found a shimmering altar of Xom.
  4825 | D:5      | Reached skill level 8 in Polearms
  4945 | D:5      | Noticed Menkaure
  4955 | D:5      | Killed Menkaure
  4956 | D:5      | Reached XP level 8. HP: 46/46 MP: 9/9
  5191 | D:6      | Reached skill level 9 in Polearms
  5714 | D:6      | Reached skill level 10 in Polearms
  5933 | D:6      | Found a shimmering blue altar of Sif Muna.
  5934 | D:6      | Reached ***** piety under Elyvilon
  5957 | D:6      | Identified the +5 whip "Fumadeph" {vorpal, rElec rPois
                  | MP-9}
  6196 | D:6      | Got Sif Muna's Catalogue of Stones
  6401 | D:6      | Found a staircase to the Ecumenical Temple.
  6413 | D:6      | Reached skill level 11 in Polearms
  6548 | D:7      | Noticed a wyvern
  6554 | D:7      | Reached XP level 9. HP: 49/50 MP: 10/10
  6641 | D:7      | Noticed a komodo dragon
  6655 | D:7      | Killed a komodo dragon
  6656 | D:7      | Reached skill level 12 in Polearms
  6973 | D:7      | Found a bloodstained altar of Trog.
  6977 | D:7      | Noticed a wizard
  6983 | D:7      | Killed a wizard
  7535 | D:7      | Found a broken altar of Ashenzari.
  7541 | D:7      | Reached skill level 13 in Polearms
  7620 | D:7      | Found an ancient bone altar of Kikubaaqudgha.
  7889 | D:8      | Reached skill level 14 in Polearms
  8115 | D:8      | Reached XP level 10. HP: 50/56 MP: 9/11
  8319 | D:8      | Found a white marble altar of Elyvilon.
  8369 | D:8      | Found a snail-covered altar of Cheibriados.
  8560 | D:8      | Found a runed translucent door.
  8561 | D:8      | Noticed MrIGI's ghost (novice DrGl)
  8567 | D:8      | Identified the +8 spear of Rotation {elec, Stlth+}
  8852 | D:8      | Noticed Grum
  8855 | D:8      | Reached skill level 15 in Polearms
  8936 | D:8      | Killed Grum
  9326 | D:8      | Killed MrIGI's ghost
  9333 | D:8      | Reached skill level 16 in Polearms
  9527 | D:9      | Noticed Gastronok
  9527 | D:9      | Noticed Psyche
  9586 | D:9      | Killed Psyche
  9587 | D:9      | Reached skill level 1 in Invocations
  9608 | D:9      | Killed Gastronok
  9609 | D:9      | Reached XP level 11. HP: 39/62 MP: 7/13
  9863 | D:9      | Reached skill level 5 in Dodging
  9870 | D:9      | Noticed Erica
  9878 | D:9      | Killed Erica
 10050 | D:9      | Reached ****** piety under Elyvilon
 10245 | D:9      | Found a staircase to the Lair.
 10507 | D:9      | Identified a scroll of acquirement
 10508 | D:9      | Acquired the +9 bardiche "Misiohonom" {spect, rElec Int+2}
 10512 | D:10     | Entered Level 10 of the Dungeon
 10512 | D:10     | Noticed Erolcha
 10517 | D:10     | Killed Erolcha
 10518 | D:10     | Reached skill level 5 in Fighting
 10727 | D:10     | Noticed a boulder beetle
 10735 | D:10     | Killed a boulder beetle
 10797 | D:10     | Noticed a two-headed ogre
 10809 | D:10     | Killed a two-headed ogre
 10990 | D:10     | Noticed a four-headed hydra
 11054 | D:9      | Killed an eight-headed hydra
 11399 | D:11     | Noticed a white ugly thing
 11406 | D:11     | Killed a white ugly thing
 11407 | D:11     | Reached skill level 17 in Polearms
 11525 | D:11     | Noticed a tengu warrior
 11537 | D:11     | Killed a tengu warrior
 11603 | D:11     | Reached XP level 12. HP: 62/70 MP: 13/15
 11618 | D:11     | Noticed a two-headed ogre
 11619 | D:11     | Reached skill level 18 in Polearms
 11620 | D:11     | Killed a two-headed ogre
 11622 | D:11     | Found a bloodstained altar of Trog.
 11699 | D:11     | Found a staircase to the Orcish Mines.
 12344 | D:12     | Noticed Azrael
 12477 | D:12     | Identified the +2 robe of the Fifty Knaves {Int+3}
 12480 | D:12     | Killed Azrael
 12481 | D:12     | Reached skill level 19 in Polearms
 12515 | D:12     | Noticed a two-headed ogre
 12522 | D:12     | Killed a two-headed ogre
 12825 | D:12     | Noticed Josephine
 12859 | D:12     | Killed Josephine
 12999 | D:12     | Found an opulent altar of Gozag.
 13565 | D:13     | Reached skill level 20 in Polearms
 13755 | D:13     | Noticed a centaur warrior
 13763 | D:13     | Killed a centaur warrior
 13764 | D:13     | Reached XP level 13. HP: 69/74 MP: 14/16
 13793 | D:13     | Found Masuv's Magic Scroll Emporium.
 13796 | D:13     | Found Duemanid's Assorted Antiques.
 13817 | D:13     | Bought a tubular agate ring for 160 gold pieces
 13817 | D:13     | Bought a scroll labelled USSUOPS WATUS for 32 gold pieces
 13823 | D:13     | Bought a scroll of identify for 36 gold pieces
 13823 | D:13     | Bought a scroll of blinking for 135 gold pieces
 13824 | D:13     | Bought a scroll of identify for 36 gold pieces
 13824 | D:13     | Bought a scroll of enchant armour for 135 gold pieces
 13831 | D:13     | Bought a scroll of identify for 64 gold pieces
 13831 | D:13     | Bought a scroll of identify for 64 gold pieces
 13994 | D:13     | Found a portal to a secret trove of treasure.
 14268 | D:13     | Found Leunn's Jewellery Emporium.
 14477 | D:13     | Found Jahuh's Weapon Boutique.
 14542 | D:13     | Reached skill level 21 in Polearms
 14683 | D:14     | Identified the +12 broad axe "Xeevus" {holy, rF+++ rC++
                  | Int-5 Dex+2}
 14782 | D:14     | Found a hide-covered altar of Uskayaw.
 14950 | D:14     | Noticed Rupert
 14953 | D:14     | Noticed Urug
 14968 | D:14     | Killed Rupert
 14969 | D:14     | Reached skill level 22 in Polearms
 14986 | D:14     | Killed Urug
 14992 | D:14     | Found a gate to the Vaults.
 15444 | D:14     | Found a shadowy altar of Dithmenos.
 15447 | D:14     | Reached XP level 14. HP: 80/80 MP: 17/17
 15500 | D:14     | Reached skill level 23 in Polearms
 15781 | D:15     | Entered Level 15 of the Dungeon
 16029 | D:15     | Noticed Louise
 16030 | D:15     | Found a staircase to the Depths.
 16435 | Orc:1    | Entered Level 1 of the Orcish Mines
 16780 | Orc:1    | Found Imesamo's Jewellery Shoppe.
 17130 | Orc:2    | Entered Level 2 of the Orcish Mines
 17237 | Orc:2    | Reached skill level 24 in Polearms
 17555 | Orc:2    | Found a staircase to the Elven Halls.
 17855 | Orc:2    | Noticed Saint Roka
 17871 | Orc:2    | Killed Saint Roka
 18156 | Orc:2    | Paralysed by an orc sorcerer for 6 turns
 18377 | Orc:2    | Found Wifrohec's Jewellery Emporium.
 18489 | Orc:2    | Found Ifufefoc's Assorted Antiques.
 18998 | Orc:2    | Found Humuokk's Armour Emporium.
 19003 | Orc:2    | Reached skill level 5 in Invocations
 19059 | Orc:2    | Noticed an orc warlord
 19064 | Orc:2    | Killed an orc warlord
 19107 | Orc:2    | Reached XP level 15. HP: 83/86 MP: 19/19
 19185 | Orc:2    | Found Roujiwku's Assorted Antiques.
 19660 | Orc:1    | Bought the amulet of the Evening {Reflect Rampage rC+
                  | Slay+3 SH+5} for 792 gold pieces
 19741 | Orc:2    | Bought a scroll of teleportation for 105 gold pieces
 19890 | Orc:2    | Bought a red potion for 31 gold pieces
 20149 | Lair:1   | Entered Level 1 of the Lair of Beasts
 21585 | Lair:2   | Noticed Maggie
 21596 | Lair:2   | Killed Maggie
 22480 | Lair:3   | Found a staircase to the Snake Pit.
 22513 | Lair:3   | Acquired 776 gold pieces
 23484 | Orc:2    | Bought the ring "Alischygh" {rPois Will+ Str+6 Dex+2} for
                  | 1113 gold pieces
 23917 | Lair:4   | Reached skill level 10 in Dodging
 23991 | Lair:4   | Found a staircase to the Swamp.
 24604 | Lair:5   | Found a staircase to the Slime Pits.
 24604 | Lair:5   | Found a viscous altar of Jiyva.
 24737 | Lair:5   | Reached XP level 16. HP: 52/97 MP: 22/22
 25115 | Lair:5   | Reached skill level 10 in Fighting
 25579 | Lair:6   | Entered Level 6 of the Lair of Beasts
 26123 | Lair:6   | Identified the +1 helmet of Riuvimp {Harm Will+}
 26881 | Elf:1    | Entered Level 1 of the Elven Halls
 27280 | Elf:1    | Paralysed by an air elemental for 1 turns
 27286 | Elf:1    | Paralysed by an air elemental for 1 turns
 27310 | Elf:1    | Reached skill level 10 in Invocations
 27637 | Elf:1    | Reached XP level 17. HP: 92/106 MP: 25/25
 28669 | Elf:2    | Acquired the +5 bardiche "Ginetryeg" {vorpal, rF+ Will+}
 28700 | Elf:2    | Found a runed translucent gate.
 28700 | Elf:2    | Found a runed translucent gate.
 28701 | Elf:2    | Found a runed translucent gate.
 29093 | Elf:2    | Noticed Nikola
 29102 | Elf:2    | Killed Nikola
 30699 | Swamp:1  | Entered Level 1 of the Swamp
 31070 | Swamp:1  | Noticed Jorgrun
 31087 | Swamp:1  | Killed Jorgrun
 31593 | Swamp:1  | Reached XP level 18. HP: 115/115 MP: 27/27
 31900 | Swamp:2  | Noticed a tentacled monstrosity
 32471 | Swamp:2  | Killed a tentacled monstrosity
 32854 | Swamp:3  | Found a transporter.
 32883 | Swamp:3  | Reached skill level 15 in Dodging
 33373 | Swamp:3  | Found a transporter.
 33746 | Swamp:4  | Entered Level 4 of the Swamp
 34676 | Swamp:4  | Got a decaying rune of Zot
 35707 | Elf:3    | Entered Level 3 of the Elven Halls
 35787 | Elf:3    | Found a frozen archway.
 35821 | Elf:3    | Reached skill level 15 in Fighting
 35836 | IceCv    | Entered an ice cave
 35950 | IceCv    | Identified the +0 helmet of Lownaf {Stlth+}
 35972 | IceCv    | Reached XP level 19. HP: 124/124 MP: 29/29
 36423 | IceCv    | Noticed a shard shrike
 36424 | IceCv    | Pacified a shard shrike
 36755 | Elf:3    | Found a shimmering blue altar of Sif Muna.
 36777 | Elf:3    | Paralysed by an air elemental for 1 turns
 37072 | Elf:3    | Noticed Bai Suzhen
 37073 | Elf:3    | Identified the +4 morningstar of Eternal Vigilance {holy,
                  | rPois Will- Dex+7 Stlth+}
 37074 | Elf:3    | Identified the +5 rapier of Mayhem {venom, rF++ Will+}
 37074 | Elf:3    | Identified the ring of Teir {rCorr AC+4}
 37083 | Elf:3    | Identified the ring "Hoxtoqom" {Fly rPois}
 37092 | Elf:3    | Noticed a Tzitzimitl
 37092 | Elf:3    | Killed Bai Suzhen
 37099 | Elf:3    | Was placed under penance by Elyvilon
 37105 | Elf:3    | Killed the ghostly Bai Suzhen
 37507 | Elf:3    | Identified the +4 glaive "Kesty" {protect, Str+3 Stlth+}
 37619 | Elf:3    | Found the +2 Maxwell's thermic engine {flame, freeze}
 37619 | Elf:3    | Found the +9 scales of the Dragon King {rPois rF+ rC+
                  | Will+}
 37633 | Elf:3    | Identified the +2 dagger of Kawengus {vorpal, Dex+2}
 37638 | Elf:3    | Got the Collected Works on the Traveller and Creation
 37639 | Elf:3    | Identified the +1 robe "Xuuti" {rC- rCorr Int+4}
 37642 | Elf:3    | Identified the +1 scale mail of Fortitude {+Inv rPois
                  | Dex+3}
 38412 | D:15     | Was forgiven by Elyvilon
 38696 | D:15     | Killed Louise
 38703 | D:15     | Reached XP level 20. HP: 124/132 MP: 31/31
 38807 | D:15     | Got the Reference Book on Lethal Envenoming
 39095 | Vaults:1 | Entered Level 1 of the Vaults
 39506 | Vaults:1 | Reached skill level 15 in Invocations
 39661 | Vaults:1 | Reached skill level 1 in Ice Magic
 39719 | Vaults:1 | Reached skill level 1 in Spellcasting
 39811 | Vaults:1 | Found a transporter.
 39811 | Vaults:1 | Identified the +10 great mace "Modi Wui" {vorpal, Stlth+}
 39811 | Vaults:1 | Noticed abarbat's ghost (adept MiBe)
 40568 | Vaults:1 | Reached skill level 5 in Ice Magic
 41290 | Vaults:1 | Found Idueh's Magic Scroll Shoppe.
 41388 | Vaults:1 | Bought a scroll of blinking for 135 gold pieces
 41390 | Vaults:1 | Bought a scroll of enchant weapon for 135 gold pieces
 41390 | Vaults:1 | Bought a scroll of teleportation for 54 gold pieces
 41390 | Vaults:1 | Bought a scroll of teleportation for 54 gold pieces
 41390 | Vaults:1 | Bought a scroll of silence for 135 gold pieces
 41390 | Vaults:1 | Bought a scroll of teleportation for 54 gold pieces
 41390 | Vaults:1 | Bought a scroll of teleportation for 54 gold pieces
 41607 | Vaults:1 | Found a transporter.
 42030 | Vaults:2 | Reached skill level 10 in Ice Magic
 42946 | Vaults:2 | Reached XP level 21. HP: 135/139 MP: 33/33
 42949 | Vaults:2 | Learned a level 2 spell: Ensorcelled Hibernation
 42954 | Vaults:2 | Learned a level 4 spell: Hailstorm
 42964 | Vaults:2 | Learned a level 4 spell: Summon Ice Beast
 43816 | Vaults:3 | Reached skill level 5 in Spellcasting
 44293 | Vaults:3 | Noticed Aizul
 44309 | Vaults:3 | Killed Aizul
 44535 | Vaults:3 | Found a staircase to the Crypt.
 44535 | Vaults:3 | Found an ancient bone altar of Kikubaaqudgha.
 44537 | Vaults:3 | Found a basalt altar of Yredelemnul.
 44945 | Vaults:3 | Learned a level 3 spell: Frozen Ramparts
 44947 | Vaults:3 | Learned a level 1 spell: Freeze
 46307 | Vaults:4 | Found Nuluff's Jewellery Emporium.
 46391 | Vaults:4 | Found a runed translucent gate.
 46391 | Vaults:4 | Found a runed translucent gate.
 46392 | Vaults:4 | Found a runed translucent gate.
 46393 | Vaults:4 | Noticed DildoBatman's ghost (adept FoCj)
 46730 | Vaults:4 | Noticed Xtahua
 46752 | Vaults:4 | Killed Xtahua
 46981 | Vaults:4 | Identified the amulet "Joanapac" {Spirit Regen+}
 47673 | Vaults:4 | Found Tefuem's Book Boutique.
 47684 | Vaults:4 | Bought an Inescapable Atlas for 816 gold pieces
 47687 | Vaults:4 | Learned a level 2 spell: Blink
 48550 | D:7      | Found a burning altar of Makhleb.
 48856 | Snake:1  | Entered Level 1 of the Snake Pit
 48947 | Snake:1  | You are sucked into a shaft and drop 1 floor!
 48964 | Snake:2  | Reached XP level 22. HP: 147/147 MP: 35/35
 49425 | Snake:1  | Identified the +5 mace of the First Knives {freeze, Str+2
                  | Int+3}
 49620 | Snake:1  | Found Fiwevoos's Antique Weapon Boutique.
 49620 | Snake:1  | Found Hotakhlit's Assorted Antiques.
 49656 | Snake:1  | Bought a potion of haste for 380 gold pieces
 50878 | Snake:2  | Noticed Donald
 50882 | Snake:2  | Killed Donald
 51564 | Snake:3  | Found a burning altar of Makhleb.
 51870 | Snake:3  | Reached skill level 10 in Armour
 52744 | Snake:4  | Entered Level 4 of the Snake Pit
 53902 | Snake:4  | Reached skill level 1 in Conjurations
 54084 | Snake:4  | Got a serpentine rune of Zot
 54902 | Depths:1 | Entered Level 1 of the Depths
 54908 | Depths:1 | Reached skill level 5 in Conjurations
 55688 | Depths:1 | Reached XP level 23. HP: 138/155 MP: 36/36
 55689 | Depths:1 | Found a gateway to Hell.
 55991 | Depths:1 | Found a one-way gate to the infinite horrors of the Abyss.
 56082 | Depths:1 | Found a one-way gateway to a ziggurat.
 56123 | Depths:1 | Reached skill level 10 in Conjurations
 56758 | Depths:1 | Found a sacrificial altar of Ru.
 57164 | Depths:2 | Found a one-way gate leading to the halls of Pandemonium.
 57969 | Depths:2 | Reached skill level 10 in Spellcasting
 58999 | Depths:3 | Paralysed by a floating eye for 3 turns
 58999 | Depths:3 | Elyvilon protects you from harm!
 59000 | Depths:3 | HP: 4/155 [fire giant/+0 great sword of flaming (13)]
 59000 | Depths:3 | Elyvilon protects you from harm!
 59000 | Depths:3 | Mangled by a deep troll shaman

Illustrated notes

Levels and vault maps discovered:
D:1:      dpeg_arrival_pits, layout_rooms
D:2:      layout_basic, shapermc_ecumenical_altar_hornbeckon,
          minmay_heptomino_h4, uniq_crazy_yiuf_cottage
D:3:      cheibrodos_helix_gallery, layout_basic, st_stairs_7,
          hangedman_decor_slide_cut
D:4:      corexii_shack_village, layout_loops_corners, fedhas_altar_fruit_tree
D:5:      layout_basic, lemuel_tele_altar, uniq_eustachio, uniq_menkaure
D:6:      nicolae_cairo_tiling_very_big, layout_basic, led_sif_book,
          minmay_temple_entry_hall
D:7:      layout_rooms, gammafunk_temple_overflow_pools, trog_wizard,
          nicolae_overflow_hidden_temple, serial_park_tiny_pond
D:8:      nicolae_whirlpool, layout_gridville, old_standard_altar,
          mainiacjoe_overflow_concentric_impassable,
          ebering_ghost_funeral_grove, uniq_grum
D:9:      layout_long_grid, lair_entry_dummy, minmay_door_square,
          nicolae_concentric_dashed_squares_wild, uniq_gastronok, uniq_erica,
          uniq_psyche
D:10:     layout_rooms, kennysheep_pointless_box,
          hangedman_abyss_or_decor_jellyfish_corner, nzn_sisyphean_effort,
          uniq_erolcha
D:11:     layout_loops_ring, david_orc_2, special_room [special_room_orc],
          trog_ov_bears_minmay
D:12:     layout_grid_maze, nicolae_gozag_seed_capital, uniq_josephine,
          uniq_azrael
D:13:     layout_basic, trove_entry_hex_spiral, serial_shops,
          nicolae_shop_waterfront, kennysheep_mini, nicolae_shop_trees,
          shop_fountains, kennysheep_generic_room_2
D:14:     layout_gridville, david_vaults_3, nicolae_dithmenos_shadow_blocks,
          hangedman_decor_riveting, nicolae_uskayaw_murder_on_the_dancefloor
D:15:     gammafunk_depths_entry_grave, layout_rooms, corexii_hall_statues_s,
          uniq_louise
Lair:1:   layout_regular_city, cheibrodos_lair_caveside_slide,
          grunt_megastairs_5, serial_bayou_shore_a, infiniplex_staircase_pool_2,
          lemuel_fruit_tree
Lair:2:   regret_index_wax_grids, layout_long_grid, serial_bayou_shore_b,
          uniq_maggie
Lair:3:   layout_small_grid, minmay_snake_entry_guardpost_large,
          serial_bayou_lagoon_b
Lair:4:   layout_loops_ring, skrybe_swamp_entry_bodies, grunt_megastairs_4,
          infiniplex_staircase_pool
Lair:5:   layout_loops_ring, slime_altar_1, gauntlet_entry_generic,
          lemuel_fruit_fields
Lair:6:   evilmike_catoblepas_cave, layout_gridlike
Swamp:1:  layout_basic_swamp, nicolae_swamp_tree_designs, uniq_jorgrun
Swamp:2:  layout_basic_swamp, evilmike_swamp_ruin_wall
Swamp:3:  gammafunk_worm_tunnel, layout_basic_swamp, nicolae_swamp_little_tower,
          hangedman_swamp_wriggling
Swamp:4:  swamp, layout_basic_swamp, swamp_pool1
Snake:1:  layout_layer_cave, nicolae_snake_storage_room, minmay_shoptagon
Snake:2:  layout_honeycomb, drop_trap, uniq_donald
Snake:3:  layout_layer_cave, basic_altar, st_stairs_5
Snake:4:  snake_pit, layout_rooms
Orc:1:    layout_caves, serial_shops, nicolae_square_shop
Orc:2:    pubby_orc_utopia, uniq_saint_roka
Elf:1:    eino_elf_arrival_shootout, layout_geoelf_grid, minivault_28,
          hangedman_elf_represent
Elf:2:    nicolae_elf_blades_splatter_lattice [infiniplex_blade_entry_pillars],
          layout_geoelf_diagonals, uniq_nikola
Elf:3:    elf_hall, layout_gridlike, portal_ice_cave_entry_ugly_swarm,
          basic_altar, grunt_megastairs_2, uniq_bai_suzhen
Vaults:1: gammafunk_ghost_smash, hangedman_vaults_stitches,
          vaults_mumra_minichess, hangedman_vaults_cutoff, grunt_vaults_focal,
          vaults_mumra_hexcomb, grunt_vaults_swirl,
          nicolae_vaults_ninety_degrees, grunt_vaults_hallway_long,
          ontoclasm_vaults_hangar, nicolae_vaults_little_ls,
          vaults_dpeg_encased_lava, vaults_room_semicircle,
          nicolae_vaults_holding_cells, vaults_dpeg_ring, layout_vaults_ring,
          serial_shops, shop
Vaults:2: v_misc_8, grunt_vaults_trifunnel, v_pattern_3,
          vaults_standard_mumra_x, ontoclasm_vaults_loading_screen,
          grunt_vaults_hallway_long, vaults_dpeg_diagonal, vaults_room_pool,
          layout_vaults_omnigrid
Vaults:3: nicolae_vaults_network_barrier, grunt_vaults_hallway_long,
          minmay_crypt_entry_necro_gods, nicolae_vaults_little_squares_5,
          v_misc_24, v_alt_pattern_5, hangedman_vaults_restitches, v_misc_26,
          ontoclasm_vaults_ring_square, vaults_room_pools,
          ontoclasm_vaults_ring_large, nicolae_vaults_specimen_jars,
          serial_ice_b, v_pattern_4, grunt_vaults_diagonal,
          layout_vaults_omnicross, uniq_aizul
Vaults:4: gammafunk_ghost_necromancy, v_rooms_2, ontoclasm_vaults_gateway,
          nicolae_vaults_little_squares_4, nicolae_vaults_rhombus_6,
          vaults_room_door_hall, nicolae_vaults_circle_grid_a, v_alt_pattern_2,
          hangedman_vaults_cutoff, vaults_room_boxed, vaults_room_pools,
          v_misc_3, layout_vaults_omnibox, serial_shops,
          nicolae_shop_advertising_works [nicolae_subvault_shop_adworks], shop,
          uniq_xtahua
Depths:1: layout_roguey, enter_ziggurat_e, serial_bayou, serial_bayou_pond_e,
          serial_bayou_crossing, serial_bayou_lagoon_a, serial_bayou_pond_a,
          hangedman_abyss_entry_splay, pf_coc_iceberg,
          nicolae_ru_the_path_less_chosen
Depths:2: minmay_haunted_quarter, layout_cave_pools,
          nicolae_hell_entry_hellmouth_sunbeams, rand_demon_pan_entry_7,
          small_statue_intersection, kennysheep_nondescript,
          infiniplex_staircase_pillars_1
Depths:3: pf_snail_temple, layout_twisted_cross, roderic_lattice_a,
          pf_hell_entry_tar_spiral, abyss_entry, gammafunk_ghost_ooze,
          hangedman_glass_teeth

Skill      XL: |  1  2  3  4  5  6  7  8  9 10 11 12 13 14 15 16 17 18 19 20 21 22 23 |
---------------+----------------------------------------------------------------------+-----
Polearms       | 4 5 6 8 11 14 16 17 20 22 24 | 24.0
Armour         | 1 2 3 4 5 6 12 | 12.5
Invocations    | 2 3 5 7 10 11 13 14 15 | 15.0
Dodging        | 4 6 7 10 12 14 16 17 18 19 | 19.0
Fighting       | 4 6 7 9 11 13 15 16 17 18 19 | 19.0
Stealth        | 3 4 |  4.0
Ice Magic      | 11 12 | 12.0
Spellcasting   | 4 8 11 | 11.4
Conjurations   | 7 12 | 12.0

Action                   |  1- 3 |  4- 6 |  7- 9 | 10-12 | 13-15 | 16-18 | 19-21 | 22-24 || total
-------------------------+-------+-------+-------+-------+-------+-------+-------+-------++-------
Melee: Spear             |   107 |    59 |       |    66 |    62 |    31 |     4 |       ||   329
       Kick              |    21 |    38 |    84 |    75 |   173 |   277 |   502 |   277 ||  1447
       Peck              |    12 |    20 |    60 |    45 |   114 |   177 |   313 |   175 ||   916
       Punch             |     2 |     1 |     3 |       |     2 |       |     2 |     6 ||    16
       Trident           |       |    87 |   236 |       |       |       |       |       ||   323
       Halberd           |       |       |    61 |    92 |       |       |       |       ||   153
       Bardiche          |       |       |       |   160 |   661 |   803 |  1109 |   619 ||  3352
       Broad axe         |       |       |       |       |     5 |    29 |    65 |   133 ||   232
Throw: Throwing net      |       |       |       |       |     1 |       |       |       ||     1
 Cast: Ensorcelled Hiber |       |       |       |       |       |       |     5 |       ||     5
       Hailstorm         |       |       |       |       |       |       |     2 |     9 ||    11
       Summon Ice Beast  |       |       |       |       |       |       |     1 |     1 ||     2
       Frozen Ramparts   |       |       |       |       |       |       |       |     1 ||     1
Invok: Purification      |       |       |       |     1 |     5 |     3 |       |     3 ||    12
       Heal Self         |       |       |       |       |     2 |    27 |     8 |     5 ||    42
       Heal Other        |       |       |       |       |       |     4 |    10 |     1 ||    15
       Divine Vigour     |       |       |       |       |       |     2 |       |       ||     2
Evoke: Wand              |       |     1 |     3 |     9 |     6 |     9 |     4 |       ||    32
       Tin of tremorston |       |       |       |       |       |       |     1 |       ||     1
       Box of beasts     |       |       |       |       |       |       |     1 |       ||     1
  Use: Scroll            |     4 |     8 |     6 |    10 |     7 |    13 |     9 |     6 ||    63
       Potion            |     1 |       |     2 |     5 |     3 |     4 |     7 |     4 ||    26
 Stab: Sleeping          |     8 |     9 |     5 |     9 |    30 |    32 |    30 |    27 ||   150
       Distracted        |     1 |     1 |     2 |     4 |    18 |    12 |    16 |    11 ||    65
       Invisible         |       |       |       |       |     2 |       |       |       ||     2
       Paralysed         |       |       |       |       |     2 |       |       |       ||     2
       Confused          |       |       |       |       |       |     2 |       |       ||     2
Armor: Robe              |     7 |       |       |       |       |       |       |       ||     7
       Ring mail         |     3 |    29 |    74 |    42 |    74 |    89 |   110 |    75 ||   496
       Swamp dragon scal |       |       |       |       |     6 |       |       |       ||     6
Dodge: Dodged            |    42 |    64 |   210 |   129 |   298 |   501 |   923 |   708 ||  2875
Block: Other             |       |       |       |       |    28 |    96 |   144 |   118 ||   386
       Reflection        |       |       |       |       |       |     2 |    11 |    13 ||    26
